AoeStats
← [Massa] Edo

Arena

505587407Analyzed
2v2 RM · 22d ago on Sep 10, 2026· 40m 31s· 4 players
Game mode
Random Map
Map size
Medium (4 player)
Population
200
Speed
Normal
Resources
Standard
Victory
Conquest
Starting age
Dark Age
Ending age
Imperial Age
RankedLock teamsTeams togetherTeam positionsShared explorationLock speedFull tech treeHidden civsTurbo modeCheats
Victory
Defeat
🇧🇷 Britons · Brazil
1474
+17
🇧🇷 Mapuche · Brazil
1428
+19
🇨🇦 Japanese · Canada
1537
-19
🇷🇺 Koreans · Russia
1469
-17
YuriiVegas
6:55 Loom
8:53 Feudal Age
9:48 Double-Bit Axe
14:43 Castle Age
13:11 Horse Collar
15:54 Bow Saw
16:37 Heavy Plow
17:38 Sanctity
21:23 Fervor
22:34 Wheelbarrow
24:56 Gold Mining
29:54 Imperial Age
27:46 Masonry
27:39 Fletching
28:38 Bodkin Arrow
29:05 Ballistics
28:45 Stone Mining
29:14 Town Watch
30:12 Stone Shaft Mining
29:32 Crossbowman
30:37 Bracer
31:39 Chemistry
30:56 Guilds
30:09 Arbalester
31:28 Treadmill Crane
32:02 Thumb Ring
38:20 Two-Man Saw
37:40 Hand Cart
37:53 Elite Skirmisher
39:53 Conscription
39:27 Arrowslits
39:53 Masonry
40:31 Siege Engineers
Aurum
10:47 Feudal Age
14:45 Castle Age
25:18 Horse Collar
26:26 Loom
27:12 Loom
28:04 Wheelbarrow
27:52 Double-Bit Axe
28:12 Heavy Plow
29:40 Hand Cart
32:41 Imperial Age
30:17 Gold Mining
30:34 Padded Archer Armor
30:25 Fletching
31:43 Ballistics
31:42 Leather Archer Armor
31:40 Husbandry
31:51 Bloodlines
32:14 Bodkin Arrow
34:55 Forging
34:45 Scale Mail Armor
36:45 Parthian Tactics
36:59 Bow Saw
38:25 Bracer
38:56 Ring Archer Armor
39:37 Chemistry
[Massa] Edo
10:26 Feudal Age
11:56 Double-Bit Axe
14:25 Castle Age
12:12 Horse Collar
13:37 Gold Mining
16:30 Bow Saw
17:41 Loom
23:53 Wheelbarrow
30:51 Imperial Age
28:50 Ballistics
27:52 Crossbowman
28:24 Fletching
28:35 Padded Archer Armor
29:50 Gold Shaft Mining
29:18 Heavy Plow
29:15 Bodkin Arrow
30:02 Leather Archer Armor
30:08 Stone Mining
30:28 Elite Skirmisher
31:37 Bracer
32:10 Ring Archer Armor
33:00 Two-Man Saw
31:25 Arbalester
33:39 Chemistry
32:38 Murder Holes
33:36 Hand Cart
35:44 Yeomen
36:05 Conscription
36:18 Warwolf
37:52 Siege Engineers
39:22 Masonry
tg
11:28 Feudal Age
13:16 Double-Bit Axe
13:11 Horse Collar
15:48 Castle Age
15:41 Fletching
16:47 Bodkin Arrow
17:06 Bow Saw
20:34 Padded Archer Armor
20:32 Loom
25:10 Devotion
26:25 Wheelbarrow
25:52 Heavy Plow
25:43 Gold Mining
28:42 Hand Cart
33:14 Imperial Age
30:39 Stone Mining
32:17 Scale Mail Armor
31:39 Champi Runner
33:20 Chain Mail Armor
34:00 Ballistics
33:20 Champi Warrior
35:37 Masonry
38:57 Crop Rotation
39:36 Arson
40:22 Plate Mail Armor
Connection lost

Rejoining the realm…

Still unreachable

The connection could not be restored.

Session expired

The server has moved on; the page needs a fresh start.